 Dungeon Crawl Stone Soup version 0.22-a0-352-gc608dd7 (webtiles) character file.

1785 Amnesiac the Thaumaturge (level 8, -3/85 HPs)
             Began as a Demigod Conjurer on Apr 14, 2018.
             Killed by divine providence
             ... invoked by an orc priest
              (14 damage)
             ... on level 6 of the Dungeon.
             The game lasted 00:10:16 (5778 turns).

Amnesiac the Thaumaturge (Demigod Conjurer)         Turns: 5778, Time: 00:10:17

Health: -3/85      AC: 24    Str:  9 (11) XL:     8   Next: 52%
Magic:  24/24      EV:  2    Int: 22 (23) God:
Gold:   278        SH:  0    Dex: 15 (16) Spells: 9/23 levels left

rFire    . . .     SeeInvis .   a - +1 dagger (venom)
rCold    . . .     Gourm    .   (no shield)
rNeg     + + +     Faith    .   (armour currently unavailable)
rPois    +         Spirit   .   (helmet currently unavailable)
rElec    .         Reflect  +   (cloak currently unavailable)
rCorr    .         Harm     .   (gloves currently unavailable)
MR       .....     NoTele   +   (boots currently unavailable)
Stlth    +.........             k - +2 amulet of reflection
HPRegen  0.24/turn              (no ring)
MPRegen  0.19/turn              (no ring)

@: confused, lethally poisoned (-3 -> -8), tree-form
A: high mp 1
a: no special abilities


You were on level 6 of the Dungeon.
You were near starving.
You were a tree.
You visited 2 branches of the dungeon, and saw 7 of its levels.

You collected 278 gold pieces.

Inventory:

Hand Weapons
 a - a +1 dagger of venom (weapon)
 x - a +0 blowgun
Missiles
 b - 29 poisoned needles
 d - 3 needles of paralysis
 g - 235 stones (quivered)
 m - 6 needles of frenzy
 w - 68 sling bullets
Armour
 j - a +1 robe (melded)
 r - a +0 buckler
 t - a +1 hat (melded)
 u - a +0 cloak (melded)
Jewellery
 k - a +2 amulet of reflection (around neck)
 y - an uncursed ring of ice
Scrolls
 f - a scroll of teleportation {!r}
 h - 5 scrolls of remove curse {!r}
 p - a scroll of enchant weapon {!r}
 v - 3 scrolls of amnesia {!r}
Potions
 e - 2 potions of curing {!q}
 l - a potion of degeneration {!q}
 n - 2 potions of lignification {!q}
 o - a potion of brilliance {!q}
 q - a potion of cancellation {!q}
 s - 2 potions of magic {!q}
 A - a potion of agility {!q}
Comestibles
 c - 6 rations


   Skills:
 - Level 1.7 Dodging
 - Level 1.7 Stealth
 - Level 8.0 Spellcasting
 + Level 7.0 Conjurations


You had 9 spell levels left.
You knew the following spells:

 Your Spells              Type           Power        Failure   Level  Hunger
a - Iskenderun's Mystic   Conj           #####...     4%          4    ###....
c - Fulminant Prism       Conj/Hex       ###.......   17%         4    ###....
d - Force Lance           Conj/Tloc      ###.....     17%         4    ###....
e - Searing Ray           Conj           #####.       1%          2    None


Dungeon Overview and Level Annotations

Branches:
Dungeon (6/15)             Temple (1/1) D:4

Shops:
D:4 :   D:6 %!(


Innate Abilities, Weirdness & Mutations

You have an increased reservoir of magic. (+10% MP)


Message History

Really quaff
n - 3 yellow potions {!q}?
It was a potion of lignification {!q}.
You turn into a tree.
Your roots penetrate the ground.
You block the centaur's attack.
The hobgoblin hits you but does no damage.
The centaur hits you but does no damage.
Really quaff
e - 3 potions of curing {!q}?
You feel better.
The centaur hits you but does no damage.
The hobgoblin hits you but does no damage.
Really quaff
l - 2 cyan potions {!q}?
It was a potion of degeneration {!q}.
There was something very wrong with that liquid.
You feel weakened.
You feel dopey.
You feel clumsy.
The centaur hits you but does no damage.
The orc priest hits you but does no damage.
The gnoll sergeant hits you but does no damage.
You are poisoned.
The hobgoblin hits you but does no damage.
The centaur hits you but does no damage.
Really quaff
i - a dark potion {!q}?
It was a potion of flight {!q}.
Your roots keep you in place.
You feel sick.
The orc priest hits you but does no damage.
The centaur hits you but does no damage.
The gnoll sergeant completely misses you.
The hobgoblin hits you but does no damage.
Really read
z - a scroll labeled DUTSUM IKLING {!r}?
As you read the scroll labeled DUTSUM IKLING {!r}, it crumbles to dust.
You feel aware of your surroundings.
You sensed 1 shop/portal.
It was a scroll of magic mapping {!r}.
You feel sick.
The hobgoblin shouts!
The centaur hits you but does no damage.
The orc priest hits you but does no damage.
The gnoll sergeant hits you but does no damage.
You are more poisoned.
The hobgoblin hits you but does no damage.
The ogre hits you but does no damage.
The centaur hits you but does no damage.
Okay, then.
Okay, then.
Really quaff
B - a potion of ambrosia {!q}?
You are confused.
You feel invigorated.
You feel sick.
The orc priest mumbles some strange prayers to Beogh against you.
Beogh smites you!
* * * LOW HITPOINT WARNING * * *
The centaur hits you.
* * * LOW HITPOINT WARNING * * *
The gnoll sergeant hits you but does no damage.
The hobgoblin hits you but does no damage.
You cannot move. (Use ctrl+direction to attack without moving.)
Okay, then.
You hit the centaur.
The centaur is poisoned.
The centaur is lightly wounded.
The centaur hits you but does no damage.
The orc priest hits you but does no damage.
The ogre hits you but does no damage.
The gnoll sergeant hits you but does no damage.
The hobgoblin hits you but does no damage.
The centaur hits you.
* * * LOW HITPOINT WARNING * * *
You barely miss the orc priest.
You feel sick.
The orc priest mumbles some strange prayers to Beogh against you.
Beogh smites you!
You die...

.................................
.....÷........)...............>..
#................................
#.........)......###########'####
#................##.......##....#
#.....#....###...##........#.....
########.#####...##........#.....
#.......(..g........#.....
##......g♣c.g......##...)#
###.......o.O#........#....#
#####...........................
##.............P.P......P.P....P.
#....P.P.....P♣P♣P..P.P.P♣P...♣P♣
...).P♣P.....PP♣PP..P♣P♣.♣♣♣..♣♣.
...P♣PPP♣....♣♣♣♣P..♣♣♣###*#####♣
...PPPPP#'''##**#####***,,.ggKK**
..♣P♣♣♣P#...#,,,,,,,,,,*..$Khog#*


You could see an ogre, a gnoll sergeant, a centaur, an orc priest and 2
hobgoblins.

Vanquished Creatures
  Sigmund (D:3)
  Menkaure (D:5)
  2 phantoms
  3 ogres
  A centaur (D:3)
  A necrophage (D:4)
  A big kobold (D:6)
  A bullfrog (D:6)
  4 scorpions
  A crimson imp (D:5)
  An orc priest (D:3)
  2 jellies
  3 orc wizards
  2 iguanas
  2 worker ants (D:4)
  3 gnolls (D:6)
  A howler monkey skeleton (D:6)
  9 adders
  A shadow imp (D:5)
  2 adder skeletons (D:4)
  3 worms
  3 dart slugs
  5 leopard geckos
  14 orcs
  A ball python (D:3)
  4 giant cockroaches
  11 hobgoblins
  3 jackals (D:1)
  4 quokkas
  9 bats
  8 frilled lizards
  8 goblins
  10 kobolds
  9 rats
134 creatures vanquished.

Notes
Turn   | Place    | Note
-------+----------+-------------------------------------------
     0 | D:1      | Amnesiac the Demigod Conjurer began the quest for the Orb.
     0 | D:1      | Reached XP level 1. HP: 14/14 MP: 5/5
    65 | D:1      | Reached skill level 2 in Spellcasting
   183 | D:1      | Reached XP level 2. HP: 20/20 MP: 2/7
   187 | D:1      | Learned a level 2 spell: Searing Ray
   249 | D:1      | Found a snail-covered altar of Cheibriados.
   677 | D:1      | Reached XP level 3. HP: 26/26 MP: 7/9
  1033 | D:2      | Found an ancient bone altar of Kikubaaqudgha.
  1044 | D:2      | Found a sacrificial altar of Ru.
  1049 | D:2      | Reached skill level 3 in Spellcasting
  1346 | D:2      | Found a glowing golden altar of the Shining One.
  1419 | D:2      | Reached XP level 4. HP: 33/33 MP: 4/11
  1627 | D:3      | Found a hide-covered altar of Uskayaw.
  1842 | D:3      | Noticed Sigmund
  1851 | D:3      | Killed Sigmund
  1851 | D:3      | Reached skill level 4 in Spellcasting
  1851 | D:3      | Reached XP level 5. HP: 35/38 MP: 2/14
  2000 | D:3      | Noticed a centaur
  2015 | D:3      | Killed a centaur
  2015 | D:3      | Reached skill level 5 in Conjurations
  2015 | D:3      | Reached XP level 6. HP: 32/45 MP: 6/16
  2251 | D:3      | Reached skill level 5 in Spellcasting
  2583 | D:3      | Learned a level 4 spell: Iskenderun's Mystic Blast
  2588 | D:3      | Learned a level 4 spell: Force Lance
  2593 | D:3      | Learned a level 4 spell: Fulminant Prism
  2629 | D:4      | Found Keesotte's Book Boutique.
  2730 | D:4      | Found a staircase to the Ecumenical Temple.
  2749 | D:4      | Found an iron altar of Okawaru.
  2938 | D:4      | Reached XP level 7. HP: 50/50 MP: 5/18
  3266 | D:4      | Reached skill level 6 in Spellcasting
  3729 | Temple   | Entered the Ecumenical Temple
  3746 | D:5      | Entered Level 5 of the Dungeon
  4536 | D:5      | Noticed Menkaure
  4540 | D:5      | Killed Menkaure
  4648 | D:5      | Reached skill level 7 in Spellcasting
  4648 | D:5      | Reached XP level 8. HP: 57/57 MP: 5/22
  4888 | D:6      | Found Exkal's Antique Weapon Emporium.
  4929 | D:6      | Found a radiant altar of Vehumet.
  5368 | D:6      | Found Oreemias's Food Shop.
  5394 | D:6      | Found Tuninoph's Distillery.
  5671 | D:6      | Reached skill level 8 in Spellcasting
  5776 | D:6      | HP: 3/85 [centaur (4)]
  5778 | D:6      | Killed from afar by an orc priest

Vault maps used:
D:1:      scummos_arrival_gate, cheibriados_altar_1
D:2:      grunt_temple_overflow_open, first_ration
D:3:      cheibrodos_pilgrimage, overflow_temple_1_default, hex_medium,
          uniq_sigmund
D:4:      overflow_temple_1_default, minmay_temple_entry_butterflies,
          serial_shops, nicolae_shop_statue_plus, dk_noncrumbling_4
D:5:      uniq_menkaure
D:6:      kennysheep_housing_project, kennysheep_mini_moat, serial_shops, shop,
          nicolae_shop_waterfront, shop, shop_statue
Temple:   nicolae_temple_no_exploring_needed

Skill      XL: |  1  2  3  4  5  6  7  8 |
---------------+-------------------------+-----
Spellcasting   | 2 3 4 5 7 8 |  8.0
Conjurations   | 4 5 6 7 |  7.0
Dodging        | |  1.7
Stealth        | |  1.7

Action                   |  1- 3 |  4- 6 |  7- 9 || total
-------------------------+-------+-------+-------++-------
Melee: Dagger            |    14 |       |    47 ||    61
 Cast: Magic Dart        |    91 |    33 |     2 ||   126
       Searing Ray       |     3 |    23 |    10 ||    36
       Iskenderun's Myst |       |     2 |    57 ||    59
  Use: Scroll            |     3 |     1 |    10 ||    14
       Potion            |       |       |     6 ||     6
 Stab: Sleeping          |       |       |     1 ||     1
  Eat: Chunk             |     2 |     5 |     9 ||    16
       Ration            |       |       |     1 ||     1
Armor: Robe              |    10 |     4 |     8 ||    22
       Skin              |       |       |    25 ||    25
Dodge: Dodged            |    18 |    25 |    40 ||    83
Block: Other             |     1 |     2 |     2 ||     5

Table legend:
 A = Spawn XP
 B = Non-spawn XP
 C = Spawn XP percentage of total XP
 D = Spawn monster count
 E = Non-spawn monster count
 F = Spawn count percentage of total count
 G = Total turns spent on level
                    A         B        C        D         E        F      G
               +---------+---------+-------+---------+---------+-------+---------
         Total |       0 |    2551 |   0.0 |       0 |     134 |   0.0 |  5778
               +---------+---------+-------+---------+---------+-------+---------
           D:1 |       0 |      49 |   0.0 |       0 |      28 |   0.0 |   740
           D:2 |       0 |      71 |   0.0 |       0 |      20 |   0.0 |   770
           D:3 |       0 |     469 |   0.0 |       0 |      32 |   0.0 |  1084
           D:4 |       0 |     591 |   0.0 |       0 |      18 |   0.0 |  1150
           D:5 |       0 |     657 |   0.0 |       0 |      14 |   0.0 |  1142
           D:6 |       0 |     714 |   0.0 |       0 |      22 |   0.0 |   890
               +---------+---------+-------+---------+---------+-------+---------
